AoeStats
← XezkitoDelFlow

Scandinavia

510427808Analyzed
1v1 RM · 1d ago on Oct 1, 2026· 38m 11s· 2 players
Game mode
Random Map
Map size
Tiny (2 player)
Population
200
Speed
Normal
Resources
Standard
Victory
Conquest
Starting age
Dark Age
Ending age
Imperial Age
RankedLock teamsTeams togetherTeam positionsShared explorationLock speedFull tech treeHidden civsTurbo modeCheats
Victory
Defeat
🇨🇱 Bulgarians · Chile
648
+14
🇨🇴 Persians · Colombia
613
-14
Matadito
0:36 Loom
11:42 Feudal Age
12:17 Double-Bit Axe
21:47 Castle Age
22:52 Fletching
23:20 Thumb Ring
30:15 Crossbowman
31:52 Town Watch
35:37 Light Cavalry
XezkitoDelFlow
1:33 Loom
11:35 Feudal Age
13:08 Arson
15:56 Wheelbarrow
26:15 Castle Age
25:38 Scale Mail Armor
25:49 Forging
27:34 Chain Mail Armor
27:55 Iron Casting
27:38 Double-Bit Axe
27:41 Horse Collar
29:46 Hand Cart
31:57 Squires
31:43 Gambesons
34:43 Gold Mining
34:50 Stone Mining
37:52 Imperial Age
36:12 Bow Saw
36:06 Heavy Plow
37:46 Ballistics
Connection lost

Rejoining the realm…

Still unreachable

The connection could not be restored.

Session expired

The server has moved on; the page needs a fresh start.